 Dungeon Crawl Stone Soup version 0.30-b1-2-g02819fbbbe (webtiles) character file.

Game seed: 11873102334223727044

14988 redmage the Epochal (level 12, -3/94 HPs)
             Began as a Meteoran Ice Elementalist on Aug 14, 2023.
             Was an Elder of Cheibriados.
             Slain by a komodo dragon (15 damage)
             ... on level 5 of the Lair of Beasts.
             The game lasted 00:51:36 (2708 turns).

redmage the Epochal (Meteoran Ice Elementalist)     Turns: 2708, Time: 00:51:37

Health: -3/94      AC: 10    Str: 27    XL:     12   Next: 87%
Magic:  32/35      EV: 17    Int: 31    God:    Cheibriados [****..]
Gold:   251        SH:  0    Dex: 25    Spells: 6/29 levels left

rFire   . . .        x - +7 flail
rCold   . . .        (no shield)
rNeg    . . .        y - +0 steam dragon scales
rPois   .            (no helmet)
rElec   .            z - +0 cloak
rCorr   .            C - +0 pair of gloves
SInv    .            f - +2 pair of boots
Will    +....        (no amulet)
Stlth   +            n - +6 ring of strength
HPRegen 0.35/turn    g - ring of magical power
MPRegen 0.24/turn

%: no passive effects
@: about to teleport, glowing, very slow
A: sense surroundings 2, otherworldly, glowing, explore regen
a: Renounce Religion, Bend Time, Temporal Distortion, Slouch


You were on level 5 of the Lair of Beasts.
You worshipped Cheibriados.
Cheibriados was greatly pleased with you.
You visited 3 branches of the dungeon, and saw 16 of its levels.

You collected 251 gold pieces.

Inventory:

Hand Weapons
 w - a +4 battleaxe
 x - a +7 flail (weapon)
Missiles
 c - a throwing net
Armour
 f - a +2 pair of boots (worn)
 m - a +0 robe of willpower
 y - +0 steam dragon scales (worn)
 z - a +0 cloak (worn)
 C - a +0 pair of gloves (worn)
Magical Staves
 q - a staff of conjuration
Jewellery
 d - a ring of see invisible
 g - a ring of magical power (right hand)
 n - a +6 ring of strength (left hand)
Wands
 e - a wand of light (14)
 t - a wand of charming (22)
 u - a wand of flame (20) (quivered)
Scrolls
 j - a scroll of fog
 A - a scroll of teleportation
Potions
 a - a potion of mutation
 b - a potion of magic
 i - 3 potions of flight
 k - a potion of ambrosia
 l - 3 potions of curing
 p - a potion of resistance
 r - 2 potions of brilliance {unknown}
 v - 2 potions of lignification


   Skills:
 - Level 5.0 Fighting
 - Level 2.9(5.4) Axes
 - Level 7.7(8.1) Maces & Flails
 - Level 6.1 Dodging
 - Level 1.4 Stealth
 - Level 9.0 Spellcasting
 + Level 9.7 Summonings
 - Level 6.0 Translocations
 - Level 8.4 Ice Magic
 - Level 12.0 Invocations
 - Level 6.0 Evocations


You had 6 spell levels left.
You knew the following spells:

 Your Spells              Type           Power      Damage    Failure   Level
a - Summon Cactus Giant   Summ           32%        N/A       11%         6
b - Frozen Ramparts       Ice            100%       1d16      1%          3
c - Ozocubu's Armour      Ice            60%        N/A       1%          3
d - Summon Ice Beast      Ice/Summ       63%        N/A       1%          4
e - Summon Guardian Gole  Hex/Summ       44%        N/A       1%          3
z - Passage of Golubria   Tloc           50%        N/A       3%          4

Your spell library contained the following spells:

 Spells                   Type           Power      Damage    Failure   Level
 Freeze                   Ice            100%       1d10      1%          1
 Summon Small Mammal      Summ           100%       N/A       1%          1
 Call Canine Familiar     Summ           65%        N/A       1%          3
 Portal Projectile        Hex/Tloc       64%        N/A       3%          3
 Scorch                   Fire           26%        2d6       5%          2
 Inner Flame              Hex/Fire       13%        N/A       11%         3
 Tukima's Dance           Hex            13%        N/A       11%         3
 Flame Wave               Conj/Fire      13%        2d6       34%         4
 Sticky Flame             Conj/Fire      13%        2d4       34%         4
 Blade Hands              Tmut           6%         N/A       69%         5
 Yara's Violent Unravell  Hex/Tmut       6%         3d5       69%         5


Dungeon Overview and Level Annotations

Branches:
Dungeon (10/15) Zot: 6704  Temple (1/1) D:4 Zot: 855    Lair (5/5) D:8 Zot: 3112
  Swamp (0/4) Lair:3       Spider (0/4) Lair:2
  Slime: Lair:4-5       Orc: D:9-12

Altars:
Ashenzari
Cheibriados
Elyvilon
Fedhas
Hepliaklqana
Kikubaaqudgha
Nemelex Xobeh
Qazlal
Ru
Sif Muna
Trog
Vehumet
Wu Jian
Zin

Portals:
Ice
Cave: Lair:5

Annotations:
D:4 2 transporters
Lair:5 1 runed translucent door, Ruewk's ghost, journeyman CeHs


Innate Abilities, Weirdness & Mutations

You passively map the area around you.
You are easily found by Zot.
You glow in the dark.
You regain HP and MP as you explore.


Message History

Cheibriados thoroughly appreciates the change of pace.
The frozen ramparts melt away as you move.
You open the door.
You hear the crackling of a melting archway very nearby.
Unknown command.
A four-headed hydra comes into view.
A water moccasin and a komodo dragon come into view.
The water moccasin hisses angrily.
The four-headed hydra roars!
Your cactus giant disappears in a puff of smoke!
A five-headed hydra comes into view.
The four-headed hydra misses you. The four-headed hydra bites you! x2
The four-headed hydra misses you. The four-headed hydra bites you.
The four-headed hydra bites you! x2
The four-headed hydra closely misses you.
Unknown command.
Casting: Frozen Ramparts (safe; 1% risk of failure)
Confirm with . or Enter, or press ? or * to list all spells.
A chill wind blows around you.
The five-headed hydra roars!
The four-headed hydra closely misses you.
The four-headed hydra bites you! x2
The four-headed hydra bites you but does no damage.
As you read the scroll of teleportation, it crumbles to dust.
You feel strangely unstable.
The water moccasin barely misses your ice beast.
The komodo dragon bites you.
* * * LOW HITPOINT WARNING * * *
The four-headed hydra bites you!
* * * LOW HITPOINT WARNING * * *
The four-headed hydra bites you.
* * * LOW HITPOINT WARNING * * *
The four-headed hydra bites you but does no damage.
The four-headed hydra bites you.
* * * LOW HITPOINT WARNING * * *
Your ice beast hits the komodo dragon.
Your ice beast freezes the komodo dragon!!
The water moccasin misses your ice beast.
The komodo dragon attacks as you move away!
The komodo dragon bites you!
You die...

#.............. , * * *
#.............. .......
**
#.......................
, *
#................D......
,,
##.##...........,.......
,, , ###.....##.#..
..S.. ,, **
##*#P.######.#.* .Y.# *
.. #...####.#####l..# *
* ,
..##...#......#.@...+ *
..#.#..........##D..# ,
, , ,
.'.#.........ยง.#,....#*
* *
#......P.###..#.....##
,* *
........#.###...#...PP ,
, ,
.......###.............
, ,
........................
, ,
#P..#...####.P..#.P####.
, , ##.####.# #####.###
*,


You could see a five-headed hydra, a four-headed hydra, a komodo dragon (ally
target), a water moccasin and a friendly ice beast (summoned).

Vanquished Creatures
  A death yak (Lair:3)
  A torpor snail (Lair:4)
  6 cane toads
  3 komodo dragons
  A polar bear (Lair:1)
  A hornet (D:8)
  Grinder (D:5)
  A wyvern (D:8)
  A basilisk (D:8)
  21 yaks
  2 steam dragons
  2 water moccasins (Lair:2)
  3 wolves (Lair:5)
  A centaur (D:8)
  3 bullfrogs
  A gnoll sergeant (D:6)
  2 scorpions (D:5)
  A killer bee (D:8)
  An orc priest (D:4)
  A jelly (D:4)
  2 orc wizards
  7 gnolls (D:6)
  6 adders
  2 dart slugs
  8 orcs
  A ball python (D:3)
  A giant cockroach (D:4)
  2 goblins
  A hobgoblin (D:3)
  A bat (D:3)
  2 kobolds (D:4)
  A rat (D:3)
88 creatures vanquished.

Vanquished Creatures (collateral kills)
  2 komodo dragons (Lair:1)
  Maggie (D:9)
  2 ice devils (Lair:5)
  3 wyverns
  9 yaks
  A basilisk (Lair:5)
  A steam dragon (D:8)
  A water moccasin (Lair:2)
  A black bear (Lair:1)
  6 wolves
  2 bullfrogs (Lair:1)
  A killer bee (D:8)
  3 howler monkeys (D:8)
  A white imp (D:8)
  4 orcs (D:8)
38 creatures vanquished.

Vanquished Creatures (others)
  A skyshark (Lair:2)
  2 cane toads (Lair:1)
  A komodo dragon (Lair:2)
  2 yaks (Lair:1)
  A scorpion (D:4)
  5 wights (D:8)
  4 killer bees (D:8)
  16 fungi
  15 plants
47 creatures vanquished.

Grand Total: 173 creatures vanquished

Notes
Turn   | Place    | Note
-------+----------+-------------------------------------------
     0 | D:1      | redmage the Meteoran Ice Elementalist began the quest for
                  | the Orb.
     0 | D:1      | Reached XP level 1. HP: 14/14 MP: 5/5
    93 | D:3      | Reached XP level 2. HP: 16/20 MP: 2/7
   138 | D:3      | Reached XP level 3. HP: 26/26 MP: 5/8
   142 | D:3      | Learned a level 3 spell: Frozen Ramparts
   146 | D:3      | Learned a level 3 spell: Ozocubu's Armour
   224 | D:3      | Reached skill level 5 in Ice Magic
   276 | D:4      | Noticed Grinder
   276 | D:4      | Noticed a scorpion
   277 | D:4      | Paralysed by Grinder for 3 turns
   285 | D:5      | Entered Level 5 of the Dungeon
   285 | D:5      | Noticed a scorpion
   293 | D:5      | Killed a scorpion
   294 | D:5      | Reached XP level 4. HP: 22/33 MP: 1/11
   294 | D:5      | Reached XP level 5. HP: 25/38 MP: 1/12
   294 | D:5      | Paralysed by Grinder for 5 turns
   304 | D:5      | Killed Grinder
   305 | D:5      | Reached skill level 5 in Spellcasting
   305 | D:5      | Reached XP level 6. HP: 27/45 MP: 2/14
   309 | D:5      | Reached XP level 7. HP: 31/50 MP: 2/15
   477 | D:4      | Found a transporter.
   542 | D:4      | Found a sparkling altar of Nemelex Xobeh.
   588 | D:4      | Found a staircase to the Ecumenical Temple.
   597 | Temple   | Entered the Ecumenical Temple
   613 | Temple   | Became a worshipper of Cheibriados the Contemplative
   650 | D:4      | Found a transporter.
   707 | D:5      | Found a blossoming altar of Fedhas.
   713 | D:5      | Found a stormy altar of Qazlal.
   796 | D:6      | Reached XP level 8. HP: 39/57 MP: 9/17
   864 | D:7      | Learned a level 3 spell: Summon Guardian Golem
   869 | D:7      | Learned a level 4 spell: Summon Ice Beast
   894 | D:8      | Noticed a hornet
   909 | D:8      | Killed a hornet
   928 | D:8      | Noticed a wyvern
   972 | D:8      | Killed a wyvern
  1046 | D:8      | Gained mutation: You passively map the area around you.
                  | [Meteoran growth]
  1046 | D:8      | Reached XP level 9. HP: 62/62 MP: 13/19
  1076 | D:8      | Reached * piety under Cheibriados
  1126 | D:8      | Learned a level 4 spell: Passage of Golubria
  1167 | D:8      | Reached skill level 1 in Invocations
  1211 | D:8      | Reached skill level 1 in Evocations
  1225 | D:8      | Reached skill level 2 in Invocations
  1243 | D:8      | Reached skill level 3 in Invocations
  1273 | D:8      | Reached skill level 1 in Translocations
  1324 | D:8      | Reached skill level 4 in Invocations
  1337 | D:8      | Noticed a komodo dragon
  1348 | D:8      | Killed a komodo dragon
  1349 | D:8      | Reached skill level 5 in Invocations
  1472 | D:10     | Entered Level 10 of the Dungeon
  1492 | D:9      | Noticed Maggie
  1503 | D:9      | Killed Maggie
  1504 | D:9      | Reached XP level 10. HP: 69/69 MP: 17/21
  1528 | D:9      | Found a radiant altar of Vehumet.
  1618 | D:9      | Reached skill level 6 in Invocations
  1712 | D:8      | Found a staircase to the Lair.
  1717 | Lair:1   | Entered Level 1 of the Lair of Beasts
  1717 | Lair:1   | Noticed a cane toad
  1723 | Lair:1   | Killed a cane toad
  1724 | Lair:1   | Reached skill level 7 in Invocations
  1753 | Lair:2   | Noticed a komodo dragon
  1757 | Lair:1   | Noticed a cane toad
  1762 | Lair:1   | Killed a cane toad
  1762 | Lair:1   | Reached ** piety under Cheibriados
  1763 | Lair:1   | Reached skill level 8 in Invocations
  1763 | Lair:1   | Reached skill level 5 in Evocations
  1765 | Lair:1   | Noticed a komodo dragon
  1774 | Lair:1   | Noticed a cane toad
  1775 | Lair:1   | Killed a komodo dragon
  1784 | Lair:1   | Killed a cane toad
  1804 | Lair:2   | Noticed a black mamba
  1866 | Lair:1   | Reached skill level 5 in Translocations
  1873 | Lair:1   | Reached skill level 9 in Invocations
  1875 | Lair:1   | Reached XP level 11. HP: 74/74 MP: 4/24
  1950 | Lair:1   | Reached skill level 10 in Invocations
  1955 | Lair:1   | Reached skill level 1 in Maces & Flails
  1984 | Lair:1   | Reached skill level 1 in Fighting
  1984 | Lair:1   | Reached skill level 1 in Axes
  2027 | Lair:2   | Noticed a skyshark
  2037 | Lair:2   | Noticed a seven-headed hydra
  2040 | Lair:2   | Killed a skyshark
  2041 | Lair:2   | Reached skill level 11 in Invocations
  2046 | Lair:2   | Reached *** piety under Cheibriados
  2176 | Lair:3   | Noticed a death yak
  2176 | Lair:3   | Noticed a death yak
  2232 | Lair:3   | Killed a death yak
  2233 | Lair:3   | Reached XP level 12. HP: 70/89 MP: 15/26
  2248 | Lair:3   | Noticed a death yak
  2251 | Lair:3   | Noticed a death yak
  2253 | Lair:3   | Noticed a death yak
  2307 | Lair:2   | Found a hole to the Spider Nest.
  2339 | Lair:2   | Reached skill level 5 in Maces & Flails
  2339 | Lair:2   | Reached skill level 12 in Invocations
  2353 | Lair:2   | Reached skill level 5 in Dodging
  2402 | Lair:3   | Found a staircase to the Swamp.
  2496 | Lair:3   | Reached **** piety under Cheibriados
  2499 | Lair:3   | Reached skill level 5 in Fighting
  2508 | Lair:3   | Learned a level 6 spell: Summon Cactus Giant
  2520 | Lair:5   | Entered Level 5 of the Lair of Beasts
  2539 | Lair:5   | HP: 4/94 [wolf (8)]
  2579 | Lair:5   | Found a runed translucent door.
  2584 | Lair:5   | Noticed Ruewk's ghost (journeyman CeHs)
  2637 | Lair:5   | Found a frozen archway.
  2704 | Lair:5   | Noticed a four-headed hydra
  2705 | Lair:5   | Noticed a five-headed hydra
  2708 | Lair:5   | Slain by a komodo dragon

Illustrated notes

Levels and vault maps discovered:
D:1:      spicycebolla_arrival_clurvy, layout_basic
D:2:      layout_basic, basic_altar, serial_curves, eino_curves_01,
          eino_curves_03, eino_curves_03, eino_curves_04, minivault_11
D:3:      layout_basic, mainiacjoe_overflow_large_starburst,
          chequers_serial_rivers_room_a, hangedman_abyss_or_decor_lesser_grid,
          chequers_avenue
D:4:      gammafunk_steamed_eel, layout_rooms, lemuel_tele_altar,
          minmay_temple_entry_large_hall, uniq_grinder, uniq_crazy_yiuf_cottage
D:5:      layout_rooms, grunt_temple_overflow_forces_of_nature, serial_curves,
          eino_curves_02, eino_curves_03, eino_curves_01
D:6:      layout_rooms, okawaru_altar_gauntlet_db
D:7:      kennysheep_spiral_hall, layout_basic
D:8:      layout_basic, erik_lair_dragon, nicolae_nh_ransacked_shop
D:9:      layout_stronghold, lemuel_doored_altar, orc_0_dummy, uniq_maggie
D:10:     layout_loops_ring, serial_glass, glass_columns_a, glass_columns_c,
          glass_columns_b, glass_columns_a, glass_columns_c, glass_columns_a
Temple:   eino_wide_crystal_templ
Lair:1:   layout_regular_city, beast_lair_carwin_1
Lair:2:   layout_regular_city, dummy_spider_entry, grunt_megastairs_4
Lair:3:   layout_regular_city, swamp_mist_pool, serial_bayou_pond_a,
          chequers_serial_rivers_micro_a, lemuel_fruit_fields, uniq_amaemon,
          uniq_fannar
Lair:4:   layout_long_grid, st_stairs_5, lemuel_fruit_fields, lemuel_fruit_tree,
          uniq_sonja
Lair:5:   cheibrodos_lair_end_hotspot, layout_regular_city,
          nicolae_slime_entry_field_trip, portal_ice_cave_demonic_guard,
          ebering_ghost_reflecting_pool, hibernation_bobbens,
          serial_bayou_shore_b

Skill      XL: |  1  2  3  4  5  6  7  8  9 10 11 12 |
---------------+-------------------------------------+-----
Spellcasting   | 3 4 5 6 7 8 9 |  9.0
Ice Magic      | 5 7 8 |  8.4
Summonings     | 6 7 8 9 |  9.7
Invocations    | 5 9 11 12 | 12.0
Evocations     | 3 5 6 |  6.0
Translocations | 2 5 6 |  6.0
Maces & Flails | 4 7 |  7.7
Fighting       | 3 5 |  5.0
Axes           | 2 |  2.9
Dodging        | 4 6 |  6.1
Stealth        | |  1.4

Action                     |  1- 3 |  4- 6 |  7- 9 | 10-12 || total
---------------------------+-------+-------+-------+-------++-------
  Melee: Unarmed           |       |     7 |    24 |       ||    31
         Punch             |       |       |     1 |     1 ||     2
         Flail             |       |       |     1 |    91 ||    92
         Battleaxe         |       |       |       |    12 ||    12
   Cast: Freeze            |    20 |     1 |    23 |    12 ||    56
         Frozen Ramparts   |     1 |       |    13 |    20 ||    34
         Ozocubu's Armour  |     1 |       |     5 |    18 ||    24
         Summon Guardian G |       |       |    17 |    19 ||    36
         Summon Ice Beast  |       |       |     9 |    29 ||    38
         Passage of Golubr |       |       |       |    13 ||    13
         Summon Cactus Gia |       |       |       |     3 ||     3
  Evoke: Wand              |     2 |       |     6 |       ||     8
    Use: Potion            |     1 |       |       |     1 ||     2
         Scroll            |       |       |     5 |    11 ||    16
   Stab: Distracted        |       |       |       |     1 ||     1
 Armour: Robe              |     9 |       |    25 |     2 ||    36
         Skin              |     3 |     4 |       |       ||     7
         Steam dragon scal |       |       |       |    65 ||    65
  Dodge: Dodged            |     9 |       |    49 |   130 ||   188
